 Dungeon Crawl Stone Soup version 0.27.1-33-g824d729ab1 (webtiles) character file.

Game seed: 5289078561816695945

132 Labrat the Magician (level 5, -1/82 HPs)
             Began as a Gnoll Hedge Wizard on Dec 24, 2021.
             Was an Initiate of Vehumet.
             Succumbed to miscasting Mephitic Cloud's poison
             ... on level 3 of the Dungeon.
             The game lasted 00:12:20 (4447 turns).

Labrat the Magician (Gnoll Hedge Wizard)            Turns: 4447, Time: 00:12:21

Health: -1/82      AC: 22    Str: 10    XL:     5   Next: 15%
Magic:  9/14       EV:  2    Int: 14    God:    Vehumet [......]
Gold:   106        SH:  0    Dex: 11    Spells: 12/18 levels left

rFire    . . .     SeeInvis .   f - +0 spear
rCold    . . .     Faith    .   (no shield)
rNeg     + + +     Spirit   .   (armour currently unavailable)
rPois    +         Reflect  .   (helmet currently unavailable)
rElec    .         Harm     .   (cloak currently unavailable)
rCorr    .         Rampage  .   (gloves currently unavailable)
Will     .....     NoTele   +   (boots currently unavailable)
Stlth    ..........             (no amulet)
HPRegen  0.23/turn              (no ring)
MPRegen  0.14/turn              (no ring)

@: berserking, lethally poisoned (-1 -> -7), tree-form, very slightly
contaminated, very quick
A: stationary, stasis, torment immunity, boosted hp, (fangs 1), strong nose,
distributed training
a: Renounce Religion


You were on level 3 of the Dungeon.
You worshipped Vehumet.
Vehumet was noncommittal.
You were a tree.
You visited 1 branch of the dungeon, and saw 4 of its levels.

You collected 106 gold pieces.

Inventory:

Hand Weapons
 a - a +0 dagger
 f - a +0 spear (weapon)
Missiles
 e - 13 poisoned darts
Armour
 b - a +0 robe (melded)
 c - a +0 hat (melded)
Scrolls
 d - 2 scrolls of blinking {unknown}
 g - a scroll of vulnerability {unknown}
 h - 3 scrolls of identify {unknown}
 i - a scroll of magic mapping {unknown}
 m - a scroll of acquirement {unknown}
 p - a scroll of torment {unknown}
Potions
 k - a potion of invisibility {unknown}
 l - a potion of attraction {unknown}
 n - a potion of cancellation {unknown}
 o - a potion of lignification


   Skills:
 + Level 1.4 Fighting
 + Level 1.4 Short Blades
 + Level 1.4 Long Blades
 + Level 1.4 Axes
 + Level 1.4 Maces & Flails
 + Level 1.4 Polearms
 + Level 1.4 Staves
 + Level 1.4 Slings
 + Level 1.4 Bows
 + Level 1.4 Crossbows
 + Level 1.4 Throwing
 + Level 1.4 Armour
 + Level 4.7 Dodging
 + Level 4.3 Stealth
 + Level 1.4 Shields
 + Level 1.4 Unarmed Combat
 + Level 7.2 Spellcasting
 + Level 2.3 Conjurations
 + Level 1.1 Hexes
 + Level 2.3 Summonings
 + Level 1.1 Necromancy
 + Level 2.3 Translocations
 + Level 1.1 Transmutations
 + Level 1.1 Fire Magic
 + Level 1.1 Ice Magic
 + Level 1.1 Air Magic
 + Level 1.1 Earth Magic
 + Level 1.1 Poison Magic
 + Level 1.5 Invocations
 + Level 1.4 Evocations


You had 12 spell levels left.
You knew the following spells:

 Your Spells              Type           Power      Damage    Failure   Level
a - Magic Dart            Conj           44%        1d5       5%          1
b - Blink                 Tloc           N/A        N/A       8%          2
e - Mephitic Cloud        Conj/Pois/Air  9%         N/A       22%         3

Your spell library contained the following spells:

 Spells                   Type           Power      Damage    Failure   Level
 Call Imp                 Summ           11%        N/A       8%          2
 Slow                     Hex            8%         N/A       13%         2
 Conjure Flame            Conj/Fire      10%        6-21      21%         3
 Leda's Liquefaction      Hex/Erth       4%         N/A       65%         4
 Bolt of Magma            Conj/Fire/Erth 4%         4d5       90%         5
 Statue Form              Tmut/Erth      5%         N/A       100%        6


Dungeon Overview and Level Annotations

Branches:
Dungeon (4/15)
 Temple: D:4-7

Altars:
Uskayaw
Vehumet

Annotations:
D:2 1 runed translucent door, Crazy Yiuf, Terence
D:3 2 exclusions, Grinder


Innate Abilities, Weirdness & Mutations

You are a tree.
Your roots penetrate the ground, keeping you stationary.
You cannot be teleported.
You are immune to unholy pain and torment.
Your maximum health is greatly increased.
Your equipment is partially melded.
((You have very sharp teeth.))
Your uncanny sense of smell can sniff out nearby items.
Your experience applies equally to all skills.


Message History

Confirm with . or Enter, or press ? or * to list all spells.
You don't know that spell.
The steam dragon hisses angrily.
There is a stone staircase leading up here.
The steam dragon breathes steam at you. The ball of steam hits you!
The scorpion stings you.
You are poisoned.
The scorpion poisons you!
You climb upwards.
Level annotation: 2 exclusions, Grinder
* * * LOW HITPOINT WARNING * * *
You feel very sick.
There is a stone staircase leading down here.
Casting: Magic Dart (safe; 5% risk of failure)
Confirm with . or Enter, or press ? or * to list all spells.
You blink.
* * * LOW HITPOINT WARNING * * *
You feel sick.
Casting: Blink (safe; 8% risk of failure)
Confirm with . or Enter, or press ? or * to list all spells.
The spell is quite dangerous to cast (22% risk of failure)!
Continue anyway?
Aiming: Mephitic Cloud (quite dangerous; 22% risk of failure)
Press: ? - help, Shift-Dir - straight line You miscast Mephitic Cloud.
You are very lightly contaminated with residual magic.
You feel rather nauseous for a moment.
You are lethally poisoned!
* * * LOW HITPOINT WARNING * * *
x2 You feel very sick.
Unknown command.
Unknown command.
It was a potion of lignification.
You turn into a tree.
Your +0 hat melds into your body.
Your +0 robe melds into your body.
Your roots penetrate the ground.
* * * LOW HITPOINT WARNING * * *
You feel sick.
It was a potion of berserk rage.
A red film seems to cover your vision as you go berserk!
You feel yourself moving faster!
You feel mighty!
You die...

#..........#.
#.########.#. #.# #.#.
#.# #.#. #.# #.#.
############.# #...
#............# #<..
#............# #...
#......♣.....# #...
#............# #...
#............########...
#....s....).............
#.................[.....
#.....>.................
#..............######..#
#............#......#..#
#########.##...........#


You could see a scorpion.

Vanquished Creatures
  A gnoll (D:1)
  4 adders
  An adder skeleton (D:4)
  A worm (D:3)
  A dart slug (D:2)
  5 orcs (D:3)
  8 ball pythons
  7 endoplasms
  2 giant cockroaches
  3 goblins
  10 hobgoblins
  2 jackals (D:1)
  9 kobolds
  9 bats
  2 frilled lizards (D:1)
  5 rats
70 creatures vanquished.

Notes
Turn   | Place    | Note
-------+----------+-------------------------------------------
     0 | D:1      | Labrat the Gnoll Hedge Wizard began the quest for the Orb.
     0 | D:1      | Reached XP level 1. HP: 13/13 MP: 8/8
   395 | D:1      | Reached XP level 2. HP: 17/19 MP: 5/10
   670 | D:1      | Found a faded altar of an unknown god.
   861 | D:1      | Reached XP level 3. HP: 24/25 MP: 8/11
  1062 | D:1      | Learned a level 2 spell: Blink
  1066 | D:1      | Learned a level 3 spell: Mephitic Cloud
  1125 | D:1      | Reached skill level 1 in Invocations
  1684 | D:2      | Reached skill level 1 in Fighting
  1684 | D:2      | Reached skill level 1 in Short Blades
  1684 | D:2      | Reached skill level 1 in Long Blades
  1684 | D:2      | Reached skill level 1 in Axes
  1684 | D:2      | Reached skill level 1 in Maces & Flails
  1684 | D:2      | Reached skill level 1 in Polearms
  1684 | D:2      | Reached skill level 1 in Staves
  1684 | D:2      | Reached skill level 1 in Slings
  1684 | D:2      | Reached skill level 1 in Bows
  1684 | D:2      | Reached skill level 1 in Crossbows
  1684 | D:2      | Reached skill level 1 in Throwing
  1684 | D:2      | Reached skill level 1 in Armour
  1684 | D:2      | Reached skill level 1 in Shields
  1684 | D:2      | Reached skill level 1 in Unarmed Combat
  1684 | D:2      | Reached skill level 1 in Evocations
  1851 | D:2      | Reached XP level 4. HP: 30/32 MP: 9/13
  2033 | D:2      | Noticed Terence
  2327 | D:2      | Found a runed translucent door.
  2328 | D:2      | Noticed Crazy Yiuf
  3060 | D:3      | Reached skill level 1 in Hexes
  3060 | D:3      | Reached skill level 1 in Necromancy
  3060 | D:3      | Reached skill level 1 in Transmutations
  3060 | D:3      | Reached skill level 1 in Fire Magic
  3060 | D:3      | Reached skill level 1 in Ice Magic
  3060 | D:3      | Reached skill level 1 in Air Magic
  3060 | D:3      | Reached skill level 1 in Earth Magic
  3060 | D:3      | Reached skill level 1 in Poison Magic
  3332 | D:3      | Noticed Grinder
  3371 | D:3      | Found a radiant altar of Vehumet.
  3379 | D:3      | Became a worshipper of Vehumet
  3717 | D:3      | Reached XP level 5. HP: 32/37 MP: 9/14
  4220 | D:3      | Found a hide-covered altar of Uskayaw.
  4371 | D:4      | Noticed a steam dragon
  4446 | D:3      | HP: 1/55 [poisoned by miscasting Mephitic Cloud]
  4447 | D:3      | Succumbed to miscasting Mephitic Cloud's poison

Illustrated notes

Levels and vault maps discovered:
D:1:      dpeg_arrival_arbitrary_c, layout_loops_corners,
          shapermc_ecumenical_altar_flowoftime
D:2:      layout_basic, minmay_hexomino_p4, uniq_terence,
          uniq_crazy_yiuf_cottage
D:3:      layout_basic, mainiacjoe_overflow_surrounded_room,
          nicolae_vehumet_altar_sigil, uniq_grinder
D:4:      layout_basic, lemuel_doored_altar, trog_wizard,
          minmay_temple_entry_large_hall, kennysheep_donut, uniq_sigmund

Skill      XL: |  1  2  3  4 |
---------------+-------------+-----
Conjurations   | 2 |  2.3
Summonings     | 2 |  2.3
Translocations | 2 |  2.3
Invocations    | 1 |  1.5
Fighting       | 1 |  1.4
Short Blades   | 1 |  1.4
Long Blades    | 1 |  1.4
Axes           | 1 |  1.4
Maces & Flails | 1 |  1.4
Polearms       | 1 |  1.4
Staves         | 1 |  1.4
Slings         | 1 |  1.4
Bows           | 1 |  1.4
Crossbows      | 1 |  1.4
Throwing       | 1 |  1.4
Armour         | 1 |  1.4
Shields        | 1 |  1.4
Unarmed Combat | 1 |  1.4
Evocations     | 1 |  1.4
Hexes          | 1 |  1.1
Necromancy     | 1 |  1.1
Transmutations | 1 |  1.1
Fire Magic     | 1 |  1.1
Ice Magic      | 1 |  1.1
Air Magic      | 1 |  1.1
Earth Magic    | 1 |  1.1
Poison Magic   | 1 |  1.1
Dodging        | |  4.7
Stealth        | |  4.3
Spellcasting   | |  7.2

Action                   |  1- 3 |  4- 6 || total
-------------------------+-------+-------++-------
Melee: Dagger            |     8 |       ||     8
       Spear             |    74 |    62 ||   136
       Bite              |     2 |     3 ||     5
Throw: Dart              |       |     2 ||     2
 Cast: Magic Dart        |    72 |    82 ||   154
       Blink             |       |     3 ||     3
       Mephitic Cloud    |       |     1 ||     1
  Use: Potion            |       |     2 ||     2
 Stab: Sleeping          |     7 |     3 ||    10
Armor: Robe              |    17 |    10 ||    27
Dodge: Dodged            |    58 |    42 ||   100
